 Dungeon Crawl Stone Soup version 0.20-a0-1026-gc3ddcbd (webtiles) character file.

44 Rrauwl the Poker (level 3, -3/29 HPs)
             Began as a Gnoll Warper on Apr 20, 2017.
             Slain by an adder (5 damage)
             ... on level 2 of the Dungeon.
             The game lasted 00:03:03 (1149 turns).

Rrauwl the Poker (Gnoll Warper)                     Turns: 1149, Time: 00:03:03

Health: -3/29      AC:  3    Str:  7 (10) XL:     3   Next: 60%
Magic:  7/7        EV: 12    Int: 12 (14) God:
Gold:   58         SH:  0    Dex: 11 (13) Spells: 8/8 levels left

rFire    . . .     SeeInvis .   a - +0 spear
rCold    . . .     Gourm    .   (no shield)
rNeg     . . .     Faith    .   b - +0 leather armour
rPois    .         Spirit   .   (no helmet)
rElec    .         Reflect  .   (no cloak)
rCorr    .         Harm     .   (no gloves)
MR       .....                  (no boots)
Stlth    +.........             (no amulet)
Regen    0.1/turn               (no ring)
MPRegen  0.1/turn               (no ring)

@: lethally poisoned (-3 -> -12)
A: short attention span, fangs 1, strong nose
a: no special abilities


You were on level 2 of the Dungeon.
You were not hungry.

You visited 1 branch of the dungeon, and saw 2 of its levels.

You collected 58 gold pieces.

Inventory:

Hand Weapons
 a - a +0 spear (weapon)
Missiles
 e - 5 tomahawks of dispersal (quivered)
 n - 4 tomahawks
Armour
 b - a +0 leather armour (worn)
Scrolls
 d - a scroll of blinking
 h - a scroll of remove curse {unknown}
 i - a scroll of amnesia {unknown}
 j - 3 scrolls of enchant weapon {unknown}
 o - a scroll of teleportation {unknown}
Potions
 g - a potion of might {unknown}
 l - 2 potions of degeneration
Books
 c - a book of Spatial Translocations

   Spells                             Type                      Level
   a - Blink                          Translocation                2
   b - Shroud of Golubria             Charms/Translocation         2
   c - Lesser Beckoning               Translocation                3
   d - Gell's Gravitas                Translocation                3
   e - Teleport Other                 Translocation                3
   f - Passage of Golubria            Translocation                4
Comestibles
 f - 2 bread rations
 k - 6 chunks of flesh


   Skills:
 - Level 3.0 Fighting
 + Level 5.6 Polearms
 - Level 1.5 Throwing
 - Level 1.5 Armour
 - Level 3.0 Dodging
 - Level 3.2 Spellcasting
   Level 4.4 Translocations


You had 8 spell levels left.
You didn't know any spells.

Dungeon Overview and Level Annotations

Branches:
Dungeon (2/15)

Altars:


Innate Abilities, Weirdness & Mutations

You have a short attention span.
You have very sharp teeth.
Your uncanny sense of smell can sniff out nearby items.


Message History

You closely miss the adder.
The adder is heavily wounded.
The adder bites you.
* * * LOW HITPOINT WARNING * * *
It was a potion of degeneration.
There was something very wrong with that liquid.
You feel weakened.
You feel dopey.
You feel clumsy.
You feel sick. The adder bites you.
* * * LOW HITPOINT WARNING * * *
You are lethally poisoned!
The adder poisons you! The adder bites you.
* * * LOW HITPOINT WARNING * * *
You are more poisoned.
The adder poisons you! Why would you want to do that?
Quiver which item? (- for none, * to show all) (? for menu, Esc to quit)
Okay, then.
It was a potion of cancellation.
You feel magically purged. The adder bites you.
You die...

.. #...#.#........#
..... ...
#...#.#......#.# ...
....#...#.#......#.#
##
..........#.........
..........#..........
..........#...........
..........#
..........#####.#..
..........S@.......
.)........w........
...................
.....##............
.### #............
#..........#.
.............
..............


You could see a worm and an adder.

Vanquished Creatures
  An adder (D:2)
  An ooze (D:1)
  2 leopard geckos (D:1)
  5 bats (D:1)
  7 goblins
  3 hobgoblins (D:1)
  A frilled lizard (D:1)
  4 kobolds (D:1)
  5 rats
29 creatures vanquished.

Notes
Turn   | Place    | Note
-------+----------+-------------------------------------------
     0 | D:1      | Rrauwl the Gnoll Warper began the quest for the Orb.
     0 | D:1      | Reached XP level 1. HP: 18/18 MP: 4/4
   327 | D:1      | Reached skill level 4 in Polearms
   327 | D:1      | Reached XP level 2. HP: 24/24 MP: 6/6
   718 | D:1      | Reached XP level 3. HP: 27/29 MP: 7/7
   767 | D:1      | Reached skill level 5 in Polearms
  1149 | D:2      | Slain by an adder

Vault maps used:
D:1:      lemuel_arrival_broad_hall, minmay_stone_trees_small
D:2:      old_standard_altar, first_bread

Skill      XL: |  1  2  3 |
---------------+----------+-----
Polearms       | 4 5 |  5.6
Fighting       | |  3.0
Throwing       | |  1.5
Armour         | |  1.5
Dodging        | |  3.0
Spellcasting   | |  3.2
Translocations | |  4.4

Action                   || total
-------------------------++-------
Melee: Spear             ||   141
       Bite              ||     5
  Use: Potion            ||     2
  Eat: Chunk             ||     1
Armor: Leather armour    ||    22
Dodge: Dodged            ||    70
